%YAML 1.1
%TAG !u! tag:unity3d.com,2011:
--- !u!1 &6683849732274471208
GameObject:
  m_ObjectHideFlags: 0
  m_CorrespondingSourceObject: {fileID: 0}
  m_PrefabInstance: {fileID: 0}
  m_PrefabAsset: {fileID: 0}
  serializedVersion: 6
  m_Component:
  - component: {fileID: 1091046677379434415}
  - component: {fileID: 3770235665124341450}
  - component: {fileID: 8935478042806864219}
  m_Layer: 0
  m_Name: duendebrazo
  m_TagString: Untagged
  m_Icon: {fileID: 0}
  m_NavMeshLayer: 0
  m_StaticEditorFlags: 0
  m_IsActive: 1
--- !u!4 &1091046677379434415
Transform:
  m_ObjectHideFlags: 0
  m_CorrespondingSourceObject: {fileID: 0}
  m_PrefabInstance: {fileID: 0}
  m_PrefabAsset: {fileID: 0}
  m_GameObject: {fileID: 6683849732274471208}
  m_LocalRotation: {x: 0, y: 0, z: 0.36105496, w: 0.9325445}
  m_LocalPosition: {x: 0.434, y: 0.845, z: 0.29580805}
  m_LocalScale: {x: 0.03, y: 0.03, z: 0.03}
  m_ConstrainProportionsScale: 0
  m_Children: []
  m_Father: {fileID: 8432818775640827421}
  m_RootOrder: -1
  m_LocalEulerAnglesHint: {x: 0, y: 0, z: 42.33}
--- !u!212 &3770235665124341450
SpriteRenderer:
  m_ObjectHideFlags: 0
  m_CorrespondingSourceObject: {fileID: 0}
  m_PrefabInstance: {fileID: 0}
  m_PrefabAsset: {fileID: 0}
  m_GameObject: {fileID: 6683849732274471208}
  m_Enabled: 1
  m_CastShadows: 0
  m_ReceiveShadows: 0
  m_DynamicOccludee: 1
  m_StaticShadowCaster: 0
  m_MotionVectors: 1
  m_LightProbeUsage: 1
  m_ReflectionProbeUsage: 1
  m_RayTracingMode: 0
  m_RayTraceProcedural: 0
  m_RenderingLayerMask: 1
  m_RendererPriority: 0
  m_Materials:
  - {fileID: 10754, guid: 0000000000000000f000000000000000, type: 0}
  m_StaticBatchInfo:
    firstSubMesh: 0
    subMeshCount: 0
  m_StaticBatchRoot: {fileID: 0}
  m_ProbeAnchor: {fileID: 0}
  m_LightProbeVolumeOverride: {fileID: 0}
  m_ScaleInLightmap: 1
  m_ReceiveGI: 1
  m_PreserveUVs: 0
  m_IgnoreNormalsForChartDetection: 0
  m_ImportantGI: 0
  m_StitchLightmapSeams: 1
  m_SelectedEditorRenderState: 0
  m_MinimumChartSize: 4
  m_AutoUVMaxDistance: 0.5
  m_AutoUVMaxAngle: 89
  m_LightmapParameters: {fileID: 0}
  m_SortingLayerID: 0
  m_SortingLayer: 0
  m_SortingOrder: 0
  m_Sprite: {fileID: 21300000, guid: 9f1c892043912e740b66f2d0fca57bca, type: 3}
  m_Color: {r: 1, g: 1, b: 1, a: 1}
  m_FlipX: 0
  m_FlipY: 0
  m_DrawMode: 0
  m_Size: {x: 58.949566, y: 42.37}
  m_AdaptiveModeThreshold: 0.5
  m_SpriteTileMode: 0
  m_WasSpriteAssigned: 1
  m_MaskInteraction: 0
  m_SpriteSortPoint: 0
--- !u!60 &8935478042806864219
PolygonCollider2D:
  m_ObjectHideFlags: 0
  m_CorrespondingSourceObject: {fileID: 0}
  m_PrefabInstance: {fileID: 0}
  m_PrefabAsset: {fileID: 0}
  m_GameObject: {fileID: 6683849732274471208}
  m_Enabled: 1
  m_Density: 1
  m_Material: {fileID: 0}
  m_IncludeLayers:
    serializedVersion: 2
    m_Bits: 0
  m_ExcludeLayers:
    serializedVersion: 2
    m_Bits: 0
  m_LayerOverridePriority: 0
  m_ForceSendLayers:
    serializedVersion: 2
    m_Bits: 4294967295
  m_ForceReceiveLayers:
    serializedVersion: 2
    m_Bits: 4294967295
  m_ContactCaptureLayers:
    serializedVersion: 2
    m_Bits: 4294967295
  m_CallbackLayers:
    serializedVersion: 2
    m_Bits: 4294967295
  m_IsTrigger: 0
  m_UsedByEffector: 0
  m_UsedByComposite: 0
  m_Offset: {x: 0, y: 0}
  m_SpriteTilingProperty:
    border: {x: 0, y: 0, z: 0, w: 0}
    pivot: {x: 0.5, y: 0.5}
    oldSize: {x: 58.949566, y: 42.37}
    newSize: {x: 58.949566, y: 42.37}
    adaptiveTilingThreshold: 0.5
    drawMode: 0
    adaptiveTiling: 0
  m_AutoTiling: 0
  m_Points:
    m_Paths:
    - - {x: 16.694702, y: -14.996448}
      - {x: 16.665916, y: -14.967663}
      - {x: 16.665916, y: -11.887778}
      - {x: 16.637133, y: -11.8589945}
      - {x: 16.637133, y: -9.268437}
      - {x: 16.608349, y: -9.239654}
      - {x: 16.608349, y: -7.714103}
      - {x: 16.723486, y: -7.714103}
      - {x: 17.04011, y: -7.6277514}
      - {x: 18.047548, y: -7.3686957}
      - {x: 18.93985, y: -7.138424}
      - {x: 19.94729, y: -6.8793683}
      - {x: 20.839592, y: -6.6490965}
      - {x: 21.04108, y: -6.6203127}
      - {x: 21.357704, y: -6.6778803}
      - {x: 21.962168, y: -6.7642326}
      - {x: 22.278791, y: -6.7930164}
      - {x: 22.854471, y: -6.9369364}
      - {x: 22.825686, y: -7.167208}
      - {x: 22.796902, y: -7.426264}
      - {x: 22.796902, y: -7.6853194}
      - {x: 22.99839, y: -7.8292394}
      - {x: 23.14231, y: -7.944375}
      - {x: 23.401365, y: -8.174646}
      - {x: 23.516502, y: -8.203431}
      - {x: 23.689205, y: -8.030727}
      - {x: 24.063396, y: -7.5989676}
      - {x: 24.351236, y: -7.282344}
      - {x: 24.38002, y: -7.195992}
      - {x: 24.408804, y: -6.6778803}
      - {x: 25.675299, y: -6.6778803}
      - {x: 25.81922, y: -6.6203127}
      - {x: 26.078276, y: -6.447609}
      - {x: 26.279762, y: -6.2749047}
      - {x: 26.711521, y: -5.8431454}
      - {x: 26.826658, y: -5.6704416}
      - {x: 26.884226, y: -5.5265217}
      - {x: 26.884226, y: -5.2386823}
      - {x: 26.826658, y: -5.0947623}
      - {x: 26.76909, y: -5.0659785}
      - {x: 27.172066, y: -4.663003}
      - {x: 27.402338, y: -4.375163}
      - {x: 27.546257, y: -4.0585394}
      - {x: 27.517473, y: -3.7706997}
      - {x: 27.459906, y: -3.62678}
      - {x: 27.114498, y: -3.2525883}
      - {x: 27.258417, y: -2.9647486}
      - {x: 27.459906, y: -2.1587975}
      - {x: 27.20085, y: -1.9285258}
      - {x: 26.567602, y: -1.4679824}
      - {x: 26.510035, y: -1.2664946}
      - {x: 26.394897, y: -1.1513587}
      - {x: 26.078276, y: -1.0074389}
      - {x: 25.876787, y: -0.94987094}
      - {x: 25.560163, y: -0.66203123}
      - {x: 25.24354, y: -0.6908152}
      - {x: 24.984484, y: -0.60446334}
      - {x: 25.013268, y: -0.57567936}
      - {x: 25.042051, y: -0.2590557}
      - {x: 25.070835, y: 0.028783968}
      - {x: 25.070835, y: 0.2590557}
      - {x: 25.876787, y: 0.40297556}
      - {x: 25.991922, y: 0.48932746}
      - {x: 25.991922, y: 0.5468954}
      - {x: 25.876787, y: 0.6908152}
      - {x: 25.185972, y: 0.7195992}
      - {x: 25.157188, y: 0.74838316}
      - {x: 25.070835, y: 0.863519}
      - {x: 25.099619, y: 1.1513587}
      - {x: 25.157188, y: 1.784606}
      - {x: 25.185972, y: 2.0724456}
      - {x: 25.301107, y: 2.4466372}
      - {x: 25.473812, y: 2.676909}
      - {x: 25.761652, y: 3.1374524}
      - {x: 25.963139, y: 3.454076}
      - {x: 26.250978, y: 3.9146197}
      - {x: 26.452467, y: 4.231243}
      - {x: 26.596386, y: 4.461515}
      - {x: 26.797874, y: 4.7781386}
      - {x: 27.085714, y: 5.2386823}
      - {x: 27.2872, y: 5.555306}
      - {x: 27.57504, y: 6.015849}
      - {x: 27.77653, y: 6.332473}
      - {x: 28.06437, y: 6.7930164}
      - {x: 28.265856, y: 7.10964}
      - {x: 28.409777, y: 7.339912}
      - {x: 28.611263, y: 7.6565356}
      - {x: 28.899103, y: 8.117079}
      - {x: 29.100592, y: 8.433702}
      - {x: 29.388432, y: 8.894246}
      - {x: 29.474783, y: 9.038166}
      - {x: 29.474783, y: 9.297221}
      - {x: 29.446, y: 9.383574}
      - {x: 29.129375, y: 10.218308}
      - {x: 29.01424, y: 10.506148}
      - {x: 28.899103, y: 10.822772}
      - {x: 28.783968, y: 11.110612}
      - {x: 28.668833, y: 11.427236}
      - {x: 28.524912, y: 11.801427}
      - {x: 28.409777, y: 12.089267}
      - {x: 28.29464, y: 12.40589}
      - {x: 28.179504, y: 12.693729}
      - {x: 28.06437, y: 13.010353}
      - {x: 27.949232, y: 13.298193}
      - {x: 27.834097, y: 13.614817}
      - {x: 27.718962, y: 13.902657}
      - {x: 27.603825, y: 14.21928}
      - {x: 27.48869, y: 14.50712}
      - {x: 27.373554, y: 14.823744}
      - {x: 27.258417, y: 15.111583}
      - {x: 27.143282, y: 15.428206}
      - {x: 27.028145, y: 15.716046}
      - {x: 26.91301, y: 16.03267}
      - {x: 26.797874, y: 16.320509}
      - {x: 26.682737, y: 16.637133}
      - {x: 26.567602, y: 16.924973}
      - {x: 26.452467, y: 17.241596}
      - {x: 26.33733, y: 17.529436}
      - {x: 26.222195, y: 17.84606}
      - {x: 26.10706, y: 18.1339}
      - {x: 25.991922, y: 18.450523}
      - {x: 25.876787, y: 18.738363}
      - {x: 25.761652, y: 19.054987}
      - {x: 25.646515, y: 19.342827}
      - {x: 25.53138, y: 19.65945}
      - {x: 25.329891, y: 20.17756}
      - {x: 25.013268, y: 21.012297}
      - {x: 24.926916, y: 21.185}
      - {x: 24.725428, y: 21.185}
      - {x: 24.696644, y: 21.156216}
      - {x: 24.66786, y: 21.012297}
      - {x: 24.610292, y: 19.860937}
      - {x: 24.581509, y: 19.314043}
      - {x: 24.408804, y: 15.859966}
      - {x: 24.38002, y: 15.313071}
      - {x: 24.207317, y: 11.8589945}
      - {x: 24.178534, y: 11.312099}
      - {x: 24.09218, y: 9.585061}
      - {x: 24.063396, y: 9.038166}
      - {x: 23.977045, y: 7.3111277}
      - {x: 23.948261, y: 6.188553}
      - {x: 23.919477, y: 6.159769}
      - {x: 23.890694, y: 5.6128736}
      - {x: 23.775557, y: 3.3101563}
      - {x: 23.746773, y: 2.1875815}
      - {x: 23.717989, y: 2.1587975}
      - {x: 23.689205, y: 1.6119022}
      - {x: 23.660421, y: 1.0362228}
      - {x: 23.660421, y: 0.863519}
      - {x: 23.343798, y: 0.892303}
      - {x: 22.99839, y: 0.892303}
      - {x: 22.940823, y: 0.83473504}
      - {x: 22.912039, y: 0.7195992}
      - {x: 23.055958, y: 0.57567936}
      - {x: 23.689205, y: 0.20148778}
      - {x: 23.631638, y: -0.28783968}
      - {x: 23.602854, y: -0.77716714}
      - {x: 23.458933, y: -0.83473504}
      - {x: 22.768118, y: -0.892303}
      - {x: 22.393927, y: -0.92108697}
      - {x: 22.221224, y: -0.94987094}
      - {x: 21.47284, y: -1.6694701}
      - {x: 21.444056, y: -1.6694701}
      - {x: 19.832153, y: -3.1662364}
      - {x: 19.688234, y: -3.2813723}
      - {x: 19.486746, y: -3.3101563}
      - {x: 19.314043, y: -3.3677242}
      - {x: 18.306604, y: -3.6843479}
      - {x: 18.1339, y: -3.7419157}
      - {x: 17.932411, y: -3.7994838}
      - {x: 17.759708, y: -3.8570516}
      - {x: 17.55822, y: -3.9146197}
      - {x: 17.385517, y: -3.9721875}
      - {x: 17.184029, y: -4.0297556}
      - {x: 17.011326, y: -4.087323}
      - {x: 16.809837, y: -4.1448913}
      - {x: 16.550781, y: -4.231243}
      - {x: 16.550781, y: -3.454076}
      - {x: 16.493214, y: -3.3965082}
      - {x: 16.349293, y: -3.4252923}
      - {x: 16.234158, y: -3.454076}
      - {x: 15.917534, y: -3.540428}
      - {x: 14.190496, y: -4.0009713}
      - {x: 13.873873, y: -4.087323}
      - {x: 13.010353, y: -4.317595}
      - {x: 11.830211, y: -4.6342187}
      - {x: 11.398451, y: -4.749355}
      - {x: 9.786549, y: -5.181114}
      - {x: 9.35479, y: -5.29625}
      - {x: 7.7428875, y: -5.7280097}
      - {x: 6.015849, y: -6.188553}
      - {x: 4.8357067, y: -6.5051765}
      - {x: 4.403947, y: -6.6203127}
      - {x: 3.3389401, y: -6.908152}
      - {x: 2.7920449, y: -7.052072}
      - {x: 2.3602853, y: -7.167208}
      - {x: 1.2952785, y: -7.4550476}
      - {x: 0.74838316, y: -7.5989676}
      - {x: 0.31662366, y: -7.714103}
      - {x: -1.2952785, y: -8.145863}
      - {x: -2.590557, y: -8.49127}
      - {x: -3.3389401, y: -8.692759}
      - {x: -4.6342187, y: -9.038166}
      - {x: -5.3826017, y: -9.239654}
      - {x: -7.10964, y: -9.700197}
      - {x: -7.858023, y: -9.901685}
      - {x: -9.153302, y: -10.247092}
      - {x: -9.901685, y: -10.448581}
      - {x: -11.196963, y: -10.793988}
      - {x: -11.945347, y: -10.995476}
      - {x: -13.240625, y: -11.340883}
      - {x: -13.989008, y: -11.542371}
      - {x: -15.716046, y: -12.002914}
      - {x: -16.896189, y: -12.319538}
      - {x: -18.191467, y: -12.664946}
      - {x: -19.37161, y: -12.981569}
      - {x: -20.235128, y: -13.211842}
      - {x: -21.415272, y: -13.528465}
      - {x: -22.71055, y: -13.873873}
      - {x: -23.890694, y: -14.190496}
      - {x: -24.322453, y: -14.305632}
      - {x: -25.070835, y: -14.50712}
      - {x: -25.934355, y: -14.737391}
      - {x: -26.682737, y: -14.938879}
      - {x: -28.409777, y: -15.399423}
      - {x: -29.359648, y: -15.658479}
      - {x: -29.474783, y: -15.716046}
      - {x: -29.474783, y: -15.859966}
      - {x: -29.24451, y: -16.205374}
      - {x: -28.927887, y: -16.694702}
      - {x: -28.7264, y: -17.04011}
      - {x: -28.43856, y: -17.443085}
      - {x: -28.409777, y: -17.529436}
      - {x: -28.237072, y: -17.788492}
      - {x: -28.121937, y: -17.874844}
      - {x: -27.834097, y: -17.874844}
      - {x: -27.57504, y: -17.788492}
      - {x: -27.373554, y: -17.730925}
      - {x: -27.085714, y: -17.673357}
      - {x: -26.394897, y: -17.500652}
      - {x: -26.10706, y: -17.443085}
      - {x: -25.617731, y: -17.327948}
      - {x: -25.387459, y: -17.27038}
      - {x: -24.754211, y: -17.126461}
      - {x: -24.523941, y: -17.068893}
      - {x: -23.775557, y: -16.896189}
      - {x: -23.545286, y: -16.838621}
      - {x: -22.71055, y: -16.637133}
      - {x: -22.42271, y: -16.579565}
      - {x: -22.19244, y: -16.521997}
      - {x: -21.444056, y: -16.349293}
      - {x: -21.213783, y: -16.291725}
      - {x: -20.37905, y: -16.090239}
      - {x: -20.09121, y: -16.03267}
      - {x: -19.860937, y: -15.975102}
      - {x: -19.112555, y: -15.802399}
      - {x: -18.882282, y: -15.74483}
      - {x: -18.047548, y: -15.543343}
      - {x: -17.759708, y: -15.485775}
      - {x: -17.529436, y: -15.428206}
      - {x: -16.781054, y: -15.255503}
      - {x: -16.550781, y: -15.197935}
      - {x: -15.716046, y: -14.996448}
      - {x: -15.428206, y: -14.938879}
      - {x: -14.737391, y: -14.766175}
      - {x: -14.449552, y: -14.708608}
      - {x: -14.21928, y: -14.651039}
      - {x: -13.470897, y: -14.478335}
      - {x: -13.240625, y: -14.420768}
      - {x: -12.607378, y: -14.276848}
      - {x: -12.377106, y: -14.21928}
      - {x: -11.628723, y: -14.0465765}
      - {x: -11.398451, y: -13.989008}
      - {x: -10.563716, y: -13.78752}
      - {x: -10.275876, y: -13.729953}
      - {x: -10.045605, y: -13.672384}
      - {x: -9.297221, y: -13.4996805}
      - {x: -9.06695, y: -13.442113}
      - {x: -8.232215, y: -13.240625}
      - {x: -7.944375, y: -13.183057}
      - {x: -7.714103, y: -13.125489}
      - {x: -6.96572, y: -12.9527855}
      - {x: -6.7354484, y: -12.895218}
      - {x: -5.7567935, y: -12.664946}
      - {x: -5.5265217, y: -12.607378}
      - {x: -5.209898, y: -12.607378}
      - {x: -4.0585394, y: -12.751298}
      - {x: -3.8570516, y: -12.780082}
      - {x: -3.4252923, y: -12.837649}
      - {x: -3.0223167, y: -12.895218}
      - {x: -2.4466372, y: -12.981569}
      - {x: -2.0436616, y: -13.039138}
      - {x: -1.8709579, y: -13.067922}
      - {x: -0.4317595, y: -13.298193}
      - {x: 0.057567935, y: -13.384545}
      - {x: 0.892303, y: -13.528465}
      - {x: 1.1801426, y: -13.586033}
      - {x: 2.2451494, y: -13.78752}
      - {x: 2.5329893, y: -13.845088}
      - {x: 2.7920449, y: -13.902657}
      - {x: 3.2238045, y: -13.989008}
      - {x: 4.231243, y: -14.21928}
      - {x: 4.9508424, y: -14.391984}
      - {x: 5.641658, y: -14.564688}
      - {x: 6.159769, y: -14.708608}
      - {x: 6.7642326, y: -14.881311}
      - {x: 7.138424, y: -14.996448}
      - {x: 7.6853194, y: -15.169151}
      - {x: 8.174646, y: -15.341855}
      - {x: 8.404919, y: -15.428206}
      - {x: 9.124517, y: -15.716046}
      - {x: 9.182086, y: -15.716046}
      - {x: 9.786549, y: -16.03267}
      - {x: 9.844117, y: -16.090239}
      - {x: 10.304661, y: -16.378078}
      - {x: 10.765203, y: -16.694702}
      - {x: 11.484803, y: -17.212812}
      - {x: 12.290754, y: -17.874844}
      - {x: 12.693729, y: -18.220251}
      - {x: 13.154273, y: -18.623226}
      - {x: 14.248064, y: -19.601883}
      - {x: 14.766175, y: -20.062426}
      - {x: 14.996448, y: -20.263914}
      - {x: 15.399423, y: -20.609322}
      - {x: 15.802399, y: -20.925945}
      - {x: 16.17659, y: -21.185}
      - {x: 16.579565, y: -21.185}
      - {x: 16.637133, y: -21.156216}
      - {x: 16.665916, y: -21.069864}
      - {x: 16.694702, y: -20.75324}
  m_UseDelaunayMesh: 0
--- !u!1 &6824468286369956587
GameObject:
  m_ObjectHideFlags: 0
  m_CorrespondingSourceObject: {fileID: 0}
  m_PrefabInstance: {fileID: 0}
  m_PrefabAsset: {fileID: 0}
  serializedVersion: 6
  m_Component:
  - component: {fileID: 8432818775640827421}
  - component: {fileID: 3998601663527783442}
  - component: {fileID: 622751971792459436}
  m_Layer: 0
  m_Name: pivote
  m_TagString: Untagged
  m_Icon: {fileID: 0}
  m_NavMeshLayer: 0
  m_StaticEditorFlags: 0
  m_IsActive: 1
--- !u!4 &8432818775640827421
Transform:
  m_ObjectHideFlags: 0
  m_CorrespondingSourceObject: {fileID: 0}
  m_PrefabInstance: {fileID: 0}
  m_PrefabAsset: {fileID: 0}
  m_GameObject: {fileID: 6824468286369956587}
  m_LocalRotation: {x: -0, y: -0, z: -0, w: 1}
  m_LocalPosition: {x: 13.13, y: -4.2, z: 5.1397333}
  m_LocalScale: {x: 33.333336, y: 33.333336, z: 33.333336}
  m_ConstrainProportionsScale: 0
  m_Children:
  - {fileID: 1091046677379434415}
  m_Father: {fileID: 4720786348906801126}
  m_RootOrder: -1
  m_LocalEulerAnglesHint: {x: 0, y: 0, z: 0}
--- !u!114 &3998601663527783442
MonoBehaviour:
  m_ObjectHideFlags: 0
  m_CorrespondingSourceObject: {fileID: 0}
  m_PrefabInstance: {fileID: 0}
  m_PrefabAsset: {fileID: 0}
  m_GameObject: {fileID: 6824468286369956587}
  m_Enabled: 1
  m_EditorHideFlags: 0
  m_Script: {fileID: 11500000, guid: 480498b1b6b6ace40a3bd29585e33e61, type: 3}
  m_Name: 
  m_EditorClassIdentifier: 
  rotationAmount: 1
  returnAmount: -1
  rotationSpeed: 0.15
--- !u!60 &622751971792459436
PolygonCollider2D:
  m_ObjectHideFlags: 0
  m_CorrespondingSourceObject: {fileID: 0}
  m_PrefabInstance: {fileID: 0}
  m_PrefabAsset: {fileID: 0}
  m_GameObject: {fileID: 6824468286369956587}
  m_Enabled: 1
  m_Density: 1
  m_Material: {fileID: 0}
  m_IncludeLayers:
    serializedVersion: 2
    m_Bits: 0
  m_ExcludeLayers:
    serializedVersion: 2
    m_Bits: 0
  m_LayerOverridePriority: 0
  m_ForceSendLayers:
    serializedVersion: 2
    m_Bits: 4294967295
  m_ForceReceiveLayers:
    serializedVersion: 2
    m_Bits: 4294967295
  m_ContactCaptureLayers:
    serializedVersion: 2
    m_Bits: 4294967295
  m_CallbackLayers:
    serializedVersion: 2
    m_Bits: 4294967295
  m_IsTrigger: 0
  m_UsedByEffector: 0
  m_UsedByComposite: 0
  m_Offset: {x: 0, y: 0}
  m_SpriteTilingProperty:
    border: {x: 0, y: 0, z: 0, w: 0}
    pivot: {x: 0, y: 0}
    oldSize: {x: 0, y: 0}
    newSize: {x: 0, y: 0}
    adaptiveTilingThreshold: 0
    drawMode: 0
    adaptiveTiling: 0
  m_AutoTiling: 0
  m_Points:
    m_Paths:
    - - {x: 0, y: 1}
      - {x: -0.95105654, y: 0.30901697}
      - {x: -0.5877852, y: -0.80901706}
      - {x: 0.58778536, y: -0.80901694}
      - {x: 0.9510565, y: 0.30901712}
  m_UseDelaunayMesh: 0
--- !u!1 &7814288215895398900
GameObject:
  m_ObjectHideFlags: 0
  m_CorrespondingSourceObject: {fileID: 0}
  m_PrefabInstance: {fileID: 0}
  m_PrefabAsset: {fileID: 0}
  serializedVersion: 6
  m_Component:
  - component: {fileID: 4720786348906801126}
  - component: {fileID: 1597163180115597159}
  - component: {fileID: 4722677058179666031}
  - component: {fileID: 1684086512305190508}
  - component: {fileID: 6366346088569619873}
  - component: {fileID: -5524906931527189338}
  m_Layer: 0
  m_Name: duendeiddle1 (1)
  m_TagString: Duende
  m_Icon: {fileID: 0}
  m_NavMeshLayer: 0
  m_StaticEditorFlags: 0
  m_IsActive: 1
--- !u!4 &4720786348906801126
Transform:
  m_ObjectHideFlags: 0
  m_CorrespondingSourceObject: {fileID: 0}
  m_PrefabInstance: {fileID: 0}
  m_PrefabAsset: {fileID: 0}
  m_GameObject: {fileID: 7814288215895398900}
  m_LocalRotation: {x: 0, y: 0, z: 0, w: 1}
  m_LocalPosition: {x: -6.86, y: 0.68, z: 0}
  m_LocalScale: {x: 0.03, y: 0.03, z: 0.03}
  m_ConstrainProportionsScale: 0
  m_Children:
  - {fileID: 8432818775640827421}
  m_Father: {fileID: 0}
  m_RootOrder: 0
  m_LocalEulerAnglesHint: {x: 0, y: 0, z: 0}
--- !u!212 &1597163180115597159
SpriteRenderer:
  m_ObjectHideFlags: 0
  m_CorrespondingSourceObject: {fileID: 0}
  m_PrefabInstance: {fileID: 0}
  m_PrefabAsset: {fileID: 0}
  m_GameObject: {fileID: 7814288215895398900}
  m_Enabled: 1
  m_CastShadows: 0
  m_ReceiveShadows: 0
  m_DynamicOccludee: 1
  m_StaticShadowCaster: 0
  m_MotionVectors: 1
  m_LightProbeUsage: 1
  m_ReflectionProbeUsage: 1
  m_RayTracingMode: 0
  m_RayTraceProcedural: 0
  m_RenderingLayerMask: 1
  m_RendererPriority: 0
  m_Materials:
  - {fileID: 10754, guid: 0000000000000000f000000000000000, type: 0}
  m_StaticBatchInfo:
    firstSubMesh: 0
    subMeshCount: 0
  m_StaticBatchRoot: {fileID: 0}
  m_ProbeAnchor: {fileID: 0}
  m_LightProbeVolumeOverride: {fileID: 0}
  m_ScaleInLightmap: 1
  m_ReceiveGI: 1
  m_PreserveUVs: 0
  m_IgnoreNormalsForChartDetection: 0
  m_ImportantGI: 0
  m_StitchLightmapSeams: 1
  m_SelectedEditorRenderState: 0
  m_MinimumChartSize: 4
  m_AutoUVMaxDistance: 0.5
  m_AutoUVMaxAngle: 89
  m_LightmapParameters: {fileID: 0}
  m_SortingLayerID: 0
  m_SortingLayer: 0
  m_SortingOrder: 0
  m_Sprite: {fileID: 21300000, guid: 5e95693f87195eb4591050a06d933476, type: 3}
  m_Color: {r: 1, g: 1, b: 1, a: 1}
  m_FlipX: 0
  m_FlipY: 0
  m_DrawMode: 0
  m_Size: {x: 92.10011, y: 46.14}
  m_AdaptiveModeThreshold: 0.5
  m_SpriteTileMode: 0
  m_WasSpriteAssigned: 1
  m_MaskInteraction: 0
  m_SpriteSortPoint: 0
--- !u!95 &4722677058179666031
Animator:
  serializedVersion: 5
  m_ObjectHideFlags: 0
  m_CorrespondingSourceObject: {fileID: 0}
  m_PrefabInstance: {fileID: 0}
  m_PrefabAsset: {fileID: 0}
  m_GameObject: {fileID: 7814288215895398900}
  m_Enabled: 1
  m_Avatar: {fileID: 0}
  m_Controller: {fileID: 9100000, guid: 8cba7e91de55e034aaec81efde618c5a, type: 2}
  m_CullingMode: 0
  m_UpdateMode: 0
  m_ApplyRootMotion: 0
  m_LinearVelocityBlending: 0
  m_StabilizeFeet: 0
  m_WarningMessage: 
  m_HasTransformHierarchy: 1
  m_AllowConstantClipSamplingOptimization: 1
  m_KeepAnimatorStateOnDisable: 0
  m_WriteDefaultValuesOnDisable: 0
--- !u!50 &1684086512305190508
Rigidbody2D:
  serializedVersion: 4
  m_ObjectHideFlags: 0
  m_CorrespondingSourceObject: {fileID: 0}
  m_PrefabInstance: {fileID: 0}
  m_PrefabAsset: {fileID: 0}
  m_GameObject: {fileID: 7814288215895398900}
  m_BodyType: 0
  m_Simulated: 1
  m_UseFullKinematicContacts: 0
  m_UseAutoMass: 0
  m_Mass: 1
  m_LinearDrag: 0
  m_AngularDrag: 0.05
  m_GravityScale: 0
  m_Material: {fileID: 0}
  m_IncludeLayers:
    serializedVersion: 2
    m_Bits: 0
  m_ExcludeLayers:
    serializedVersion: 2
    m_Bits: 0
  m_Interpolate: 0
  m_SleepingMode: 1
  m_CollisionDetection: 1
  m_Constraints: 4
--- !u!60 &6366346088569619873
PolygonCollider2D:
  m_ObjectHideFlags: 0
  m_CorrespondingSourceObject: {fileID: 0}
  m_PrefabInstance: {fileID: 0}
  m_PrefabAsset: {fileID: 0}
  m_GameObject: {fileID: 7814288215895398900}
  m_Enabled: 1
  m_Density: 1
  m_Material: {fileID: 0}
  m_IncludeLayers:
    serializedVersion: 2
    m_Bits: 0
  m_ExcludeLayers:
    serializedVersion: 2
    m_Bits: 0
  m_LayerOverridePriority: 0
  m_ForceSendLayers:
    serializedVersion: 2
    m_Bits: 4294967295
  m_ForceReceiveLayers:
    serializedVersion: 2
    m_Bits: 4294967295
  m_ContactCaptureLayers:
    serializedVersion: 2
    m_Bits: 4294967295
  m_CallbackLayers:
    serializedVersion: 2
    m_Bits: 4294967295
  m_IsTrigger: 0
  m_UsedByEffector: 0
  m_UsedByComposite: 0
  m_Offset: {x: 0, y: 0}
  m_SpriteTilingProperty:
    border: {x: 0, y: 0, z: 0, w: 0}
    pivot: {x: 0.5, y: 0.5}
    oldSize: {x: 92.10011, y: 46.14}
    newSize: {x: 92.10011, y: 46.14}
    adaptiveTilingThreshold: 0.5
    drawMode: 0
    adaptiveTiling: 0
  m_AutoTiling: 0
  m_Points:
    m_Paths:
    - - {x: -38.270115, y: -23.025028}
      - {x: -38.225143, y: -22.980057}
      - {x: -33.323334, y: -22.935087}
      - {x: -33.278362, y: -22.890116}
      - {x: -28.421518, y: -22.845144}
      - {x: -28.376549, y: -22.800175}
      - {x: -25.948128, y: -22.800175}
      - {x: -25.903156, y: -22.755203}
      - {x: -23.474735, y: -22.755203}
      - {x: -23.429766, y: -22.710234}
      - {x: -18.572924, y: -22.665262}
      - {x: -18.527952, y: -22.62029}
      - {x: -16.099531, y: -22.62029}
      - {x: -16.054562, y: -22.575321}
      - {x: -13.62614, y: -22.575321}
      - {x: -13.581169, y: -22.53035}
      - {x: -8.724327, y: -22.485378}
      - {x: -8.679357, y: -22.440409}
      - {x: -6.2509356, y: -22.440409}
      - {x: -6.2059646, y: -22.395437}
      - {x: -3.8225145, y: -22.395437}
      - {x: -3.7775438, y: -22.350468}
      - {x: -1.3491228, y: -22.350468}
      - {x: -1.304152, y: -22.305496}
      - {x: 1.124269, y: -22.305496}
      - {x: 1.1692398, y: -22.260525}
      - {x: 6.0710526, y: -22.215555}
      - {x: 6.116023, y: -22.170584}
      - {x: 8.499474, y: -22.170584}
      - {x: 8.544444, y: -22.125612}
      - {x: 11.017836, y: -22.125612}
      - {x: 11.062806, y: -22.080643}
      - {x: 13.446257, y: -22.080643}
      - {x: 13.491227, y: -22.035671}
      - {x: 15.919648, y: -22.035671}
      - {x: 17.043917, y: -21.990702}
      - {x: 17.313742, y: -21.765846}
      - {x: 18.078245, y: -20.776491}
      - {x: 18.258127, y: -20.506666}
      - {x: 18.842749, y: -19.56228}
      - {x: 19.157543, y: -18.842749}
      - {x: 19.292456, y: -18.438011}
      - {x: 19.337425, y: -18.258127}
      - {x: 19.382397, y: -17.898361}
      - {x: 19.427368, y: -17.313742}
      - {x: 19.427368, y: -15.649824}
      - {x: 19.382397, y: -14.930292}
      - {x: 19.292456, y: -14.030876}
      - {x: 19.202515, y: -13.356316}
      - {x: 19.112572, y: -12.726725}
      - {x: 18.797777, y: -11.017836}
      - {x: 18.707836, y: -10.613099}
      - {x: 18.572924, y: -10.028479}
      - {x: 18.48298, y: -9.668713}
      - {x: 18.438011, y: -9.353918}
      - {x: 19.472338, y: -9.893567}
      - {x: 21.720877, y: -10.972865}
      - {x: 21.810818, y: -10.972865}
      - {x: 23.969414, y: -12.052163}
      - {x: 25.003742, y: -12.546842}
      - {x: 25.093683, y: -12.546842}
      - {x: 27.25228, y: -13.62614}
      - {x: 27.926842, y: -13.940935}
      - {x: 28.106724, y: -13.985906}
      - {x: 28.241636, y: -13.716082}
      - {x: 28.241636, y: -13.491227}
      - {x: 29.500818, y: -8.184678}
      - {x: 29.905554, y: -6.475789}
      - {x: 29.950525, y: -6.116023}
      - {x: 30.175379, y: -5.981111}
      - {x: 30.130407, y: -5.711286}
      - {x: 30.310291, y: -4.7669005}
      - {x: 30.715029, y: -3.0580115}
      - {x: 30.939882, y: -2.2935088}
      - {x: 31.974209, y: -2.2035673}
      - {x: 33.77304, y: -1.8887719}
      - {x: 34.312687, y: -1.7988303}
      - {x: 35.526897, y: -1.3940935}
      - {x: 35.931637, y: -1.2142105}
      - {x: 36.876022, y: -0.7645029}
      - {x: 37.280758, y: -0.44970757}
      - {x: 37.820408, y: 0.04497076}
      - {x: 38.00029, y: 0.22485378}
      - {x: 38.360058, y: 0.7645029}
      - {x: 38.449997, y: 1.304152}
      - {x: 38.449997, y: 2.1585965}
      - {x: 38.360058, y: 2.6982455}
      - {x: 38.225143, y: 3.0580115}
      - {x: 38.449997, y: 3.2828653}
      - {x: 39.529297, y: 4.4071345}
      - {x: 40.653564, y: 5.576374}
      - {x: 46.050056, y: 11.197719}
      - {x: 46.050056, y: 11.332631}
      - {x: 46.005085, y: 11.377602}
      - {x: 45.510406, y: 11.377602}
      - {x: 38.315086, y: 10.927895}
      - {x: 37.730465, y: 10.927895}
      - {x: 38.090233, y: 12.411929}
      - {x: 38.315086, y: 13.67111}
      - {x: 38.40503, y: 14.120818}
      - {x: 38.449997, y: 14.480584}
      - {x: 38.315086, y: 14.525555}
      - {x: 37.95532, y: 14.345672}
      - {x: 37.730465, y: 14.210759}
      - {x: 37.100876, y: 13.850993}
      - {x: 33.86298, y: 11.962222}
      - {x: 33.548187, y: 11.737368}
      - {x: 33.548187, y: 13.176433}
      - {x: 33.503216, y: 13.806023}
      - {x: 33.413273, y: 14.615497}
      - {x: 33.23339, y: 15.649824}
      - {x: 33.05351, y: 16.414328}
      - {x: 32.918594, y: 16.953976}
      - {x: 32.289005, y: 18.078245}
      - {x: 31.074795, y: 19.337425}
      - {x: 29.995495, y: 20.19187}
      - {x: 29.320934, y: 20.641579}
      - {x: 28.871227, y: 20.911402}
      - {x: 27.34222, y: 21.675905}
      - {x: 27.027426, y: 21.810818}
      - {x: 26.217953, y: 22.125612}
      - {x: 25.273565, y: 22.440409}
      - {x: 24.464092, y: 22.665262}
      - {x: 23.15994, y: 22.935087}
      - {x: 22.170584, y: 23.07}
      - {x: 18.707836, y: 23.07}
      - {x: 17.853392, y: 22.935087}
      - {x: 16.504269, y: 22.665262}
      - {x: 15.739765, y: 22.350468}
      - {x: 15.200116, y: 22.125612}
      - {x: 14.345672, y: 21.720877}
      - {x: 14.030876, y: 21.540993}
      - {x: 13.67111, y: 21.31614}
      - {x: 13.086491, y: 20.911402}
      - {x: 12.726725, y: 20.641579}
      - {x: 12.232046, y: 20.19187}
      - {x: 11.197719, y: 19.202515}
      - {x: 10.748012, y: 18.707836}
      - {x: 10.253333, y: 18.168186}
      - {x: 9.938538, y: 17.80842}
      - {x: 9.129064, y: 16.59421}
      - {x: 8.589415, y: 15.694795}
      - {x: 8.004795, y: 14.525555}
      - {x: 7.8698826, y: 14.480584}
      - {x: 7.195321, y: 14.79538}
      - {x: 6.2059646, y: 15.155146}
      - {x: 6.0260816, y: 15.200116}
      - {x: 4.811871, y: 16.414328}
      - {x: 4.0023975, y: 17.17883}
      - {x: 3.4627483, y: 17.673508}
      - {x: 2.7432163, y: 18.303099}
      - {x: 1.8887719, y: 19.02263}
      - {x: 1.4390643, y: 19.382397}
      - {x: 0.71953213, y: 19.967016}
      - {x: 0.08994152, y: 20.416725}
      - {x: -0.9893567, y: 21.136257}
      - {x: -1.663918, y: 21.540993}
      - {x: -2.9230993, y: 22.170584}
      - {x: -3.327836, y: 22.350468}
      - {x: -3.7775438, y: 22.53035}
      - {x: -4.4071345, y: 22.755203}
      - {x: -5.0816956, y: 22.935087}
      - {x: -5.801228, y: 23.07}
      - {x: -7.420175, y: 23.07}
      - {x: -7.6899996, y: 23.025028}
      - {x: -8.814269, y: 22.755203}
      - {x: -9.084093, y: 22.665262}
      - {x: -10.028479, y: 22.305496}
      - {x: -11.242689, y: 21.720877}
      - {x: -11.692397, y: 21.451052}
      - {x: -11.962222, y: 21.271168}
      - {x: -12.546842, y: 20.866432}
      - {x: -12.951578, y: 20.551636}
      - {x: -13.581169, y: 20.011988}
      - {x: -14.705438, y: 18.842749}
      - {x: -15.514912, y: 17.943333}
      - {x: -15.829707, y: 17.538595}
      - {x: -16.549238, y: 16.549238}
      - {x: -16.909004, y: 16.00959}
      - {x: -17.403683, y: 15.290058}
      - {x: -17.943333, y: 14.300701}
      - {x: -18.438011, y: 13.401286}
      - {x: -19.60725, y: 11.017836}
      - {x: -19.922047, y: 10.343274}
      - {x: -20.461695, y: 9.129064}
      - {x: -21.181227, y: 7.465146}
      - {x: -22.035671, y: 5.396491}
      - {x: -22.53035, y: 4.1822805}
      - {x: -22.710234, y: 3.732573}
      - {x: -23.025028, y: 2.96807}
      - {x: -23.429766, y: 1.9787134}
      - {x: -23.609648, y: 1.5290058}
      - {x: -23.969414, y: 0.6745614}
      - {x: -24.778889, y: -1.2142105}
      - {x: -25.363508, y: -2.5183625}
      - {x: -25.678303, y: -3.1929238}
      - {x: -25.678303, y: -3.2828653}
      - {x: -26.802572, y: -5.4864326}
      - {x: -26.892513, y: -5.576374}
      - {x: -27.79193, y: -7.195321}
      - {x: -28.286608, y: -8.049766}
      - {x: -29.05111, y: -9.174035}
      - {x: -29.410875, y: -9.713684}
      - {x: -30.535145, y: -11.152748}
      - {x: -30.84994, y: -11.512514}
      - {x: -31.43456, y: -12.142105}
      - {x: -31.794327, y: -12.501871}
      - {x: -32.55883, y: -13.221403}
      - {x: -33.323334, y: -13.895965}
      - {x: -34.89731, y: -15.200116}
      - {x: -35.391987, y: -15.559882}
      - {x: -36.876022, y: -16.729122}
      - {x: -38.090233, y: -17.583567}
      - {x: -38.899708, y: -18.168186}
      - {x: -39.79912, y: -18.797777}
      - {x: -40.96836, y: -19.60725}
      - {x: -43.396782, y: -21.271168}
      - {x: -44.071342, y: -21.675905}
      - {x: -44.161285, y: -21.765846}
      - {x: -45.330524, y: -22.485378}
      - {x: -46.050056, y: -22.980057}
      - {x: -46.050056, y: -23.07}
      - {x: -40.743507, y: -23.07}
      - {x: -40.698536, y: -23.025028}
  m_UseDelaunayMesh: 0
--- !u!114 &-5524906931527189338
MonoBehaviour:
  m_ObjectHideFlags: 0
  m_CorrespondingSourceObject: {fileID: 0}
  m_PrefabInstance: {fileID: 0}
  m_PrefabAsset: {fileID: 0}
  m_GameObject: {fileID: 7814288215895398900}
  m_Enabled: 1
  m_EditorHideFlags: 0
  m_Script: {fileID: 11500000, guid: c5878945f977f8d43a8c9bee53d1c8ca, type: 3}
  m_Name: 
  m_EditorClassIdentifier: 
  hp: 0
  speed: 0
